 Dungeon Crawl Stone Soup version 0.26-a0-1040-gbe3abf3417 (webtiles) character file.

Game seed: 12459340142608804517

52 sahdkjhfkaj the Covert (level 3, -4/18 HPs)
             Began as a Spriggan Brigand on Dec 12, 2020.
             Killed by divine providence
             ... invoked by an orc priest
              (10 damage)
             ... on level 3 of the Dungeon.
             The game lasted 00:01:56 (2006 turns).

sahdkjhfkaj the Covert (Spriggan Brigand)           Turns: 2006, Time: 00:01:57

Health: -4/18      AC:  4    Str:  7    XL:     3   Next: 60%
Magic:  4/4        EV: 17    Int: 12    God:
Gold:   99         SH:  0    Dex: 18    Spells: 2/2 levels left

rFire    . . .     SeeInvis +   a - +2 dagger
rCold    . . .     Faith    .   (shield restricted)
rNeg     . . .     Spirit   .   b - +0 robe
rPois    .         Reflect  .   (helmet restricted)
rElec    .         Harm     .   c - +1 cloak
rCorr    .         Rampage  .   (gloves unavailable)
Will     .....                  (boots unavailable)
Stlth    ++++......             (no amulet)
HPRegen  0.06/turn              (no ring)
MPRegen  0.09/turn              (no ring)

@: about to teleport, very quick
A: very small, unfitting armour, see invisible, speed 3
a: no special abilities


You were on level 3 of the Dungeon.
You visited 1 branch of the dungeon, and saw 3 of its levels.

You collected 99 gold pieces.

Inventory:

Hand Weapons
 a - a +2 dagger (weapon)
Missiles
 d - 8 poisoned darts (quivered)
 e - 2 curare-tipped darts
Armour
 b - a +0 robe (worn)
 c - a +1 cloak (worn)
Scrolls
 f - a scroll of enchant armour
 g - a scroll of fog {unknown}
 h - 2 scrolls of teleportation {@r3}
Potions
 i - a potion of degeneration {unknown}
 k - 2 potions of curing {@q1}
 l - 2 potions of haste {unknown}


   Skills:
 - Level 1.5 Fighting
 - Level 2.1 Short Blades
 - Level 2.0 Throwing
 - Level 1.5 Dodging
 + Level 8.1 Stealth


You had 2 spell levels left.
You didn't know any spells.
Your spell library was empty.

Dungeon Overview and Level Annotations

Branches:
Dungeon (3/15)

Altars:
Ru

Annotations:
D:3 Robin


Innate Abilities, Weirdness & Mutations

You are very small and have problems with some larger weapons.
You are too small for most types of armour.
You have supernaturally acute eyesight. (SInv)
You cover ground extremely quickly.


Message History

Found 14 sling bullets.
An orc and an orc priest come into view.
Found a club.
There are monsters nearby!
There are monsters nearby!
There are monsters nearby!
A bat and an orc priest come into view.
The orc priest shouts!
The orc shouts!
The orc priest shouts!
You hear a shout!
The orc priest calls down the wrath of Beogh upon you.
Beogh smites you!
Ouch! That really hurt!
* * * LOW HITPOINT WARNING * * *
The orc hits you but does no damage.
Okay, then.
As you read the scroll of teleportation {@r3}, it crumbles to dust.
You feel strangely unstable.
The orc priest invokes the aid of Beogh against you.
Beogh smites you!
Ouch! That really hurt!
You die...

#.# #.# #.# #.# ###
###.## #.# ... ....#
#.# ## ... #..# #.#
#### .) #.. #..####.#
#... .# ..#
#.......#######.##
.##
#.##@................
#..
#.#..###............
#.##.o
##........#####.#.##
#...o###o#..######
#.#... #...o.#.##..#
#.####
#....###o###..# #.#
#b. ### #..# #.# #
#..# #.# ...# #.


You could see an orc priest and an orc.

Vanquished Creatures
  2 adders
  An ooze (D:2)
  A worm (D:2)
  A ball python (D:2)
  2 hobgoblins (D:2)
  5 bats (D:1)
  4 frilled lizards
  7 goblins
  4 kobolds
  3 rats (D:1)
30 creatures vanquished.

Notes
Turn   | Place    | Note
-------+----------+-------------------------------------------
     0 | D:1      | sahdkjhfkaj the Spriggan Brigand began the quest for the
                  | Orb.
     0 | D:1      | Reached XP level 1. HP: 10/10 MP: 2/2
    28 | D:1      | Reached skill level 6 in Stealth
   294 | D:1      | Reached XP level 2. HP: 14/14 MP: 3/3
   533 | D:2      | Reached skill level 7 in Stealth
   554 | D:2      | Found a sacrificial altar of Ru.
  1002 | D:2      | Reached XP level 3. HP: 16/18 MP: 4/4
  1800 | D:3      | Reached skill level 8 in Stealth
  1801 | D:3      | Noticed Robin
  2006 | D:3      | Killed from afar by an orc priest

Illustrated notes

Levels and vault maps discovered:
D:1:      minmay_arrival_hallway, layout_basic
D:2:      layout_basic, nicolae_ru_great_annihilating_truth
D:3:      layout_loops_ring, chequers_ecumenical_altar_simple_redux,
          minmay_vboxes, uniq_natasha, uniq_robin

Skill      XL: |  1  2  3 |
---------------+----------+-----
Stealth        | 6 7 8 |  8.1
Fighting       | |  1.5
Short Blades   | |  2.1
Throwing       | |  2.0
Dodging        | |  1.5

Action                   || total
-------------------------++-------
Melee: Dagger            ||    96
  Use: Scroll            ||     8
       Potion            ||     1
 Stab: Sleeping          ||    16
Armor: Robe              ||    20
Dodge: Dodged            ||    79

Table legend: (Time is in decaauts)
 A = Elapsed time spent in this place.
 B = Non-inter-level travel time spent in this place.
 C = Inter-level travel time spent in this place.
 D = Time resting spent in this place.
 E = Time spent auto-exploring this place.
 F = Levels seen in this place.
 G = Mean time per level.
                   A        B        C        D        E       F      G
               +--------+--------+--------+--------+--------+-----+--------+
         Total |   1566 |   1540 |     26 |      0 |   1339 |   3 |  522.0 |
       Dungeon |   1566 |   1540 |     26 |      0 |   1339 |   3 |  522.0 |
               +--------+--------+--------+--------+--------+-----+--------+

Top non-repeatable levels by time:
     D:2: 1018 daAuts
     D:1: 353 daAuts
     D:3: 194 daAuts
